[Event "Early-Titled-Tuesday-Blitz-February-06-2024"]
[Site "Chess.com"]
[Date "2024.02.06"]
[Round "11"]
[White "malakismayil"]
[Black "FredddieCroderg"]
[Result "1/2-1/2"]
[WhiteElo "2497"]
[BlackElo "2382"]
[TimeControl "180+1"]
[EndTime "10:06:58 PST"]
[Termination "Game drawn by repetition"]

1. e4 c6 2. d4 d5 3. Nc3 a6 4.
Nf3 Be6 5. Bf4 Nf6 6. Bd3 b5 7. a3 Bg4 8. e5 Nh5 9. Be3 e6 10. h3 Bxf3 11. Qxf3 g6 12. g4 Ng7 13. h4 h5 14. Bg5 Be7 15. Bxe7 Qxe7 16. Qf6 Rh7 17.
f3 Nd7 18. Qxe7+ Kxe7 19. g5 Nf5 20. Bxf5 exf5 21. Ne2 Nf8 22. Nf4 Ne6 23. Nxe6 fxe6 24.
a4 Rhh8 25. Kd2 Kd7 26. Kc3 Kc7 27. Kb4 a5+ 28. Kc5 b4 29. c3 Rhb8 30. Rab1 b3 31. Ra1 Rb6 32. Rhc1 Rab8 33. c4 Rb4 34. Rc3 dxc4 35.
d5 cxd5 36. Kd4 Kc6 37. f4 Rc8 38. Ra3 Kb6 39. Ra1 Ka6 40. Ra3 Rb7 41. Ra1 Rbc7 42. Ra3 Kb6 43. Ra1 Rb7 44. Ra3 Kc6 45. Ra1 Rb4 46. Ra3 Rcb8 47. Ra1 Ra8 48. Ra3 Rxa4 49. Rxa4 Kb5 50. Ra3 Kb4 51. Rc1 a4 52. Rca1 Ra5 53.
Rc1 Ra6 54. Rc3 Ra7 55. Rc1 Ra8 56. Rc3 Rc8 57. Ra1 Rc7 58. Ra3 Rc6 59. Ra1 Rc7 60.
Ra3 Ra7 61. Rc1 Rc7 62. Rc3 1/2-1/2

[Event "Early-Titled-Tuesday-Blitz-February-06-2024"]
[Site "Chess.com"]
[Date "2024.02.06"]
[Round "11"]
[White "Yaacovn"]
[Black "BillieKimbah"]
[Result "0-1"]
[WhiteElo "2859"]
[BlackElo "2967"]
[TimeControl "180+1"]
[EndTime "10:07:00 PST"]
[Termination "BillieKimbah won on time"]

1. d4 Nf6 2. e3 b6 3. f4 Bb7 4.
Nf3 g6 5. Bd3 Bg7 6. O-O O-O 7.
c3 d6 8. f5 c5 9. Qe1 Be4 10.
Bxe4 Nxe4 11. fxg6 hxg6 12. Qh4 d5 13. Nbd2 Bf6 14.
Qh6 Bg7 15. Qh4 Bf6 16. Qh6 Nd7 17. Nxe4 dxe4 18. Ng5 Bxg5 19. Qxg5 Nf6 20. b3 Qd5 21. Qg3 Nh5 22. Qh4 Rae8 23. c4 Qd7 24. Qxe4 f5 25.
Qe5 Qd6 26. Qxd6 exd6 27. Bd2 Nf6 28. Rad1 Re6 29. d5 Re7 30. Bc3 Ng4 31. Bd2 Rfe8 32. Rfe1 Kf7 33. h3 Nxe3 34. Bxe3 Rxe3 35. Rxe3 Rxe3 36. Kf2 Rc3 37. Rd2 a6 38. Re2 b5 39.
Re3 Rc1 40. Re6 Rc2+ 41. Kg1 bxc4 42. bxc4 Rxc4 43. Rxd6 Ra4 44. Rc6 c4 45. d6 Ke6 46.
Kf1 Kd7 47. Rb6 Rxa2 48. g4 c3 0-1

[Event "Early-Titled-Tuesday-Blitz-February-06-2024"]
[Site "Chess.com"]
[Date "2024.02.06"]
[Round "11"]
[White "Raud100"]
[Black "Al_Shima"]
[Result "0-1"]
[WhiteElo "2420"]
[BlackElo "2352"]
[TimeControl "180+1"]
[EndTime "10:07:00 PST"]
[Termination "Al_Shima won by checkmate"]

1. d4 Nf6 2. c4 e6 3. Nc3 Bb4 4. Qc2 d6 5. a3 Bxc3+ 6. Qxc3 b6 7. Nf3 Bb7 8. g3 O-O 9. Bg2 Nbd7 10. O-O Re8 11.
b4 h6 12. Bb2 a5 13. b5 Qe7 14. Rfd1 Rab8 15. a4 e5 16. dxe5 dxe5 17. Ba3 Nc5 18. Qc2 Rbd8 19. Rxd8 Rxd8 20. Rd1 Be4 21. Qc1 Rxd1+ 22.
Qxd1 Nfd7 23. Bh3 Bxf3 24. exf3 Nf6 25. Qe2 Qd6 26. Bf1 Nfd7 27. Qc2 Qd4 28. Bb2 Qd6 29. Kg2 Nf6 30. Ba3 Nfd7 31. h4 Qe6 32. Kh2 Qf6 33. Bg2 Ne6 34. Qe4 Ndc5 35. Qa8+ Kh7 36. Qd5 Nxa4 37. Bh3 Nd4 38. Kg2 Nc3 39. Bb2 Nxd5 40.
cxd5 Qxf3+ 41. Kg1 Qxd5 42. Bg2 Qxb5 43. Bc3 a4 44. Kh2 a3 45. Be4+ g6 46. f4 Qc4 47.
Ba1 Qe2+ 48. Bg2 Nf3+ 49. Kh3 exf4 50. gxf4 Ne1 51. Bc6 Qf1+ 52. Kg3 Qg1+ 53. Kh3 Nd3 54. Bf6 Nf2# 0-1

[Event "Early-Titled-Tuesday-Blitz-February-06-2024"]
[Site "Chess.com"]
[Date "2024.02.06"]
[Round "11"]
[White "Kaissa10"]
[Black "Brahianzevich"]
[Result "1/2-1/2"]
[WhiteElo "2303"]
[BlackElo "2424"]
[TimeControl "180+1"]
[EndTime "10:07:00 PST"]
[Termination "Game drawn by repetition"]

1. e4 c5 2. Nf3 d6 3. Bb5+ Nd7 4. d4 cxd4 5. Qxd4 e5 6. Qe3 a6 7. Bxd7+ Bxd7 8. c4 Qc7 9. b3 b5 10. Nbd2 Nf6 11. O-O Be7 12. Bb2 bxc4 13. Nxc4 Qb7 14. Nfd2 O-O 15. Rac1 Be6 16. Ba3 Rfd8 17. Na5 Qd7 18. Nc6 Rdc8 19. Nxe7+ Qxe7 20. Nc4 Bxc4 21. Rxc4 Qe6 22. Rfc1 Rxc4 23. Rxc4 d5 24. exd5 Qxd5 25. h3 h6 26. Kh2 e4 27. g3 Qh5 28. Qf4 Re8 29. Bb2 e3 30. Bxf6 gxf6 31. Qg4+ Qxg4 32.
Rxg4+ Kf8 33. fxe3 Rxe3 34. Ra4 Re6 35. Kg2 Kg7 36. Kf3 Kg6 37. Ra5 f5 38. g4 fxg4+ 39.
hxg4 f6 40. a3 Rb6 41. b4 Re6 42. Kf4 Rc6 43. Kf3 Rc3+ 44. Kf4 Rc4+ 45. Kf3 Rc6 46. Ke4 Rc4+ 47. Kf3 Rc6 48. Kf4 Rc4+ 49. Kf3 1/2-1/2

[Event "Early-Titled-Tuesday-Blitz-February-06-2024"]
[Site "Chess.com"]
[Date "2024.02.06"]
[Round "11"]
[White "Abund"]
[Black "mbojan"]
[Result "1-0"]
[WhiteElo "2762"]
[BlackElo "2866"]
[TimeControl "180+1"]
[EndTime "10:07:03 PST"]
[Termination "Abund won on time"]

1. e4 c5 2. Nf3 Nc6 3. Bb5 e6 4. O-O Nge7 5. Re1 a6 6. Bf1 d5 7.
exd5 Nxd5 8. d4 Nf6 9. Be3 Be7 10.
c4 O-O 11. Nc3 cxd4 12. Nxd4 Ne5 13. h3 Bd7 14. Nf3 Ng6 15. Qb3 Qc7 16. Bb6 Qc8 17. Rad1 Bc5 18. Bxc5 Qxc5 19. Na4 Bxa4 20. Qxa4 Rfd8 21.
b4 Qc7 22. Qb3 a5 23. a3 h6 24. g3 Ne7 25. Nd4 axb4 26. axb4 Nf5 27. Nxf5 exf5 28. Bg2 f4 29. g4 Rxd1 30. Rxd1 Re8 31. c5 b6 32. c6 Qe7 33. b5 Qc5 34. Qd3 Qe5 35.
Bf3 Nh7 36. h4 Nf8 37. Qd4 Qe7 38. Qxb6 Ng6 39. h5 Nh4 40. Bg2 Qe2 41. Rd8 Kh7 42. Rxe8 Qd1+ 43. Kh2 Qxg4 44. Bh1 f3 45. Qe3 1-0

[Event "Early-Titled-Tuesday-Blitz-February-06-2024"]
[Site "Chess.com"]
[Date "2024.02.06"]
[Round "11"]
[White "CarlosjPineror"]
[Black "Mesa_1"]
[Result "1-0"]
[WhiteElo "2711"]
[BlackElo "2573"]
[TimeControl "180+1"]
[EndTime "10:07:03 PST"]
[Termination "CarlosjPineror won on time"]

1. e4 c5 2. Nf3 e6 3. g3 d5 4. exd5 exd5 5. Bg2 Nc6 6. O-O Nf6 7. d4 cxd4 8. Nxd4 Be7 9. Nc3 O-O 10. Bg5 Bg4 11.
Qd2 h6 12. Be3 Qd7 13. Nxc6 bxc6 14. Na4 Bh3 15. Nc5 Bxc5 16. Bxc5 Rfe8 17. f3 Bxg2 18. Kxg2 Re6 19. Bd4 Rae8 20. Rf2 Nh7 21. h4 Nf8 22. b4 Ng6 23. c3 Ne5 24. h5 Nc4 25.
Qf4 Re2 26. Rf1 f6 27. a4 a6 28. a5 Re1 29. Qg4 Qxg4 30. fxg4 R1e4 31. Rf4 Rxd4 32.
Rxd4 Ne3+ 33. Kf2 Nxf1 34. Kxf1 Re3 35. c4 Rxg3 36. cxd5 cxd5 37. Kf2 Rb3 38. Ke2 Kf7 39. Kd2 Ke6 40. Kc2 Rg3 41. Rd3 Rxg4 42. Kb3 Rh4 43. Rc3 Kd6 44. Rc8 f5 45. Ra8 f4 46. Rxa6+ Ke5 47.
Rc6 f3 48. a6 f2 49. Rc1 Rf4 50. a7 Rf8 51. b5 Ke4 52. b6 Ke3 53. b7 1-0

[Event "Early-Titled-Tuesday-Blitz-February-06-2024"]
[Site "Chess.com"]
[Date "2024.02.06"]
[Round "11"]
[White "winniethepooh04"]
[Black "ATM622"]
[Result "0-1"]
[WhiteElo "2509"]
[BlackElo "2449"]
[TimeControl "180+1"]
[EndTime "10:07:03 PST"]
[Termination "ATM622 won by resignation"]

1. d4 Nf6 2. Nf3 e6 3. Bf4 d5 4. e3 Nbd7 5. Nbd2 c5 6. c3 Be7 7. h3 O-O 8. Bd3 b6 9. O-O Bb7 10. Ne5 Ne4 11. f3 Nxd2 12. Qxd2 f6 13. Nxd7 Qxd7 14. Rad1 Bd6 15. Bxd6 Qxd6 16. Qc2 f5 17. Qe2 Qg3 18. Qf2 Qd6 19. Qe2 Rf6 20. dxc5 bxc5 21. e4 c4 22. Bb1 Qb6+ 23. Kh1 fxe4 24. fxe4 Raf8 25. Rxf6 Rxf6 26. e5 Rf2 27. Qh5 g6 28. Qg4 Kf7 29. Kh2 Qxb2 30. Rd4 Qxb1 31. Qh4 Qf5 32. Qxh7+ Ke8 33. Rh4 Qxe5+ 34. Kg1 Qe1+ 35.
Kh2 Rxg2+ 36. Kxg2 Qd2+ 37. Kf1 Qc1+ 38. Kf2 Qb2+ 39.
Kf1 Qa1+ 40. Kf2 Qb2+ 41. Kf1 Qc1+ 42. Kf2 Qd2+ 43. Kg3 Qe3+ 44. Kg4 Qg1+ 45. Kf3 Qf1+ 46. Ke3 Qg1+ 47. Kf3 d4+ 48. Qxb7 Qh1+ 49. Kg4 Qxb7 50. Rh8+ Kd7 51. Rh7+ Kc6 52. Rxb7 Kxb7 0-1

[Event "Early-Titled-Tuesday-Blitz-February-06-2024"]
[Site "Chess.com"]
[Date "2024.02.06"]
[Round "11"]
[White "verrbaa"]
[Black "vladgoncharov"]
[Result "0-1"]
[WhiteElo "2497"]
[BlackElo "2622"]
[TimeControl "180+1"]
[EndTime "10:07:04 PST"]
[Termination "vladgoncharov won on time"]

1. e4 e6 2. d4 d5 3. Nc3 Nc6 4. Nf3 Nf6 5. e5 Ne4 6. Ne2 f6 7. exf6 Qxf6 8. Be3 Bd6 9. Ng3 O-O 10. Bd3 Nb4 11. Nxe4 Nxd3+ 12. Qxd3 dxe4 13. Qxe4 Bd7 14. Qxb7 Rab8 15. Qe4 Rxb2 16. O-O Rb6 17. Ng5 g6 18. c4 Rb4 19. Qd3 Bc6 20. d5 exd5 21. cxd5 Bb5 22. Qc2 Bxf1 23. Rxf1 Qe5 24. g3 Qxd5 25. Rd1 Qc4 26.
Qd2 Ra4 27. Rc1 Qxa2 28. Qd1 Ra5 29. Qg4 Raf5 30. Qh4 h5 31. Ne4 Qf7 32. Rd1 Be7 33. Qh3 Rd8 34. Rc1 Bf8 35. Qg2 c6 36. h4 Qd5 37.
Kh2 Re8 38. Ng5 Qxg2+ 39. Kxg2 c5 40. Ra1 Ra8 41. Ra6 c4 42. Rxg6+ Kh8 43. Rc6 Bg7 44. Rxc4 a5 45. Ra4 Rb5 46. Nf7+ Kh7 47. Nd6 Rb4 48. Ra3 a4 49. Nf5 Bb2 50. Rd3 a3 51. Rd7+ Kg6 52. Nd6 a2 0-1

[Event "Early-Titled-Tuesday-Blitz-February-06-2024"]
[Site "Chess.com"]
[Date "2024.02.06"]
[Round "11"]
[White "NM_Antelacus"]
[Black "MaxLeto"]
[Result "1/2-1/2"]
[WhiteElo "2236"]
[BlackElo "2439"]
[TimeControl "180+1"]
[EndTime "10:07:04 PST"]
[Termination "Game drawn by repetition"]

1. e4 c5 2. Nf3 d6 3. c3 Nf6 4.
Be2 Nbd7 5. d3 b6 6. O-O Bb7 7.
Nbd2 g6 8. Re1 Bg7 9. Nf1 O-O 10. Ng3 e5 11. Bf1 d5 12. exd5 Nxd5 13. d4 Qc7 14. dxe5 Nxe5 15. Nxe5 Bxe5 16. Bh6 Rfe8 17. Qg4 Kh8 18. Bc4 f5 19. Qh4 Qc6 20. f3 b5 21.
Bf1 c4 22. Rad1 Kg8 23. Ne2 Qb6+ 24. Kh1 Ne3 25. Bxe3 Qxe3 26. Nd4 Qf4 27. Qxf4 Bxf4 28. Nxb5 Rec8 29. Nd6 Rc7 30. Nxb7 Rxb7 31. Bxc4+ Kg7 32.
Bb3 Rab8 33. g3 Bg5 34. Re2 a5 35. Kg2 Bf6 36. Rdd2 Rc8 37. Be6 Re8 38. Bd5 Rxe2+ 39.
Rxe2 Rd7 40. c4 Bd4 41. Rd2 Bc5 42. f4 Re7 43. Bf3 Re3 44. Re2 Rd3 45. b3 Kf6 46.
Bd5 Rd1 47. Re6+ Kg7 48. Re2 Kf6 49. Re6+ Kg7 50. Kf3 Rd2 51. Re2 Rd3+ 52. Kg2 Kf6 53. Kf1 Rd1+ 54. Re1 Rd2 55. Re2 Rd1+ 56. Re1 Rd2 57.
Re2 Rd1+ 1/2-1/2

[Event "Early-Titled-Tuesday-Blitz-February-06-2024"]
[Site "Chess.com"]
[Date "2024.02.06"]
[Round "11"]
[White "smotherhubbard"]
[Black "LornerAcosta"]
[Result "0-1"]
[WhiteElo "2377"]
[BlackElo "2517"]
[TimeControl "180+1"]
[EndTime "10:07:05 PST"]
[Termination "LornerAcosta won by resignation"]

1. d4 d5 2. c4 e6 3. Nc3 Nf6 4. cxd5 exd5 5. Bg5 Nbd7 6. e3 c6 7. Qc2 Be7 8. Bd3 O-O 9. Nge2 Re8 10. f3 Nf8 11. O-O Ng6 12. e4 dxe4 13. fxe4 Ng4 14. Bd2 c5 15. Bc4 cxd4 16. Bxf7+ Kh8 17. Nd5 d3 18. Qxd3 Bc5+ 19. Kh1 N6e5 20. Qg3 Rf8 21. Bh5 Be6 22. Nef4 Bxd5 23. Nxd5 Nf2+ 24. Rxf2 Rxf2 25.
Bc3 Qf8 26. h3 Rf1+ 27. Kh2 Bg1+ 28. Kh1 Bf2+ 29. Rxf1 Bxg3 30. Rxf8+ Rxf8 31. Be2 Nc6 32. Ne3 Be5 33. Bf3 Bxc3 34. bxc3 Ne5 35. Nf5 Nxf3 36.
gxf3 Rc8 37. Kg2 Rxc3 38. Kg3 g6 39. Nd6 b6 40. e5 Kg7 41. Kf4 Kf8 42. Ke4 Ke7 43. f4 Ra3 44. f5 gxf5+ 45. Nxf5+ Kf7 46. Nd4 Rxa2 47. Kd5 Rd2 48. e6+ Ke7 49. Ke5 Rxd4 50. Kxd4 Kxe6 51. Kc4 a5 52. Kb5 Kf6 53. Ka4 Kg5 54.
Kb5 Kh4 0-1

[Event "Early-Titled-Tuesday-Blitz-February-06-2024"]
[Site "Chess.com"]
[Date "2024.02.06"]
[Round "11"]
[White "maximnovik"]
[Black "toninhojit"]
[Result "0-1"]
[WhiteElo "2592"]
[BlackElo "2544"]
[TimeControl "180+1"]
[EndTime "10:07:06 PST"]
[Termination "toninhojit won on time"]

1. e4 e5 2. Nf3 Nc6 3. Bc4 Nf6 4. d3 h6 5. O-O d6 6. c3 g5 7. Nbd2 g4 8. Ne1 h5 9. Nc2 h4 10. b4 Bh6 11. Nb3 Ne7 12. Bxh6 Rxh6 13. Ne3 Ng6 14.
Nd2 Nf4 15. d4 Qe7 16. Re1 Be6 17. Qb3 O-O-O 18. Nf5 Bxf5 19. exf5 d5 20. Bf1 e4 21.
c4 c6 22. cxd5 cxd5 23. Rac1+ Kb8 24. b5 Rhh8 25. b6 Rc8 26. bxa7+ Ka8 27. Qb6 g3 28. fxg3 hxg3 29. hxg3 N4h5 30. Nb3 Nxg3 31. Rxc8+ Rxc8 32. Nc5 Rc6 33. Qb4 Ng4 34. Rb1 b6 35. Ba6 Kxa7 36.
Qa4 Rxc5 37. Bb5+ Kb8 38. Bc6 Kc7 39. Qa7+ Kd6 40. dxc5+ bxc5 41. Qxe7+ Kxe7 42. Bxd5 Nf6 43. Bc4 Nxf5 44. a4 Nd4 45. a5 Nc6 46. a6 e3 0-1

[Event "Early-Titled-Tuesday-Blitz-February-06-2024"]
[Site "Chess.com"]
[Date "2024.02.06"]
[Round "11"]
[White "RandomNoob04"]
[Black "snowlord"]
[Result "0-1"]
[WhiteElo "2614"]
[BlackElo "2864"]
[TimeControl "180+1"]
[EndTime "10:07:07 PST"]
[Termination "snowlord won by resignation"]

1. e4 e6 2. d4 d5 3. exd5 exd5 4. Nf3 Nf6 5. Bd3 c5 6. O-O c4 7. Re1+ Be7 8. Bf1 O-O 9. b3 cxb3 10. axb3 Nc6 11. Ne5 Ne4 12. Nxc6 bxc6 13. Ba3 Bxa3 14. Rxa3 Qf6 15. Qe2 Qxd4 16. Ra4 Qb6 17. Qf3 Bg4 18. Qf4 Be6 19. Re3 a5 20. Bd3 Nc5 21. Rg3 Nxd3 22.
Rxg7+ Kh8 23. cxd3 Qxb3 24. Rxh7+ Kxh7 25. Qh4+ Kg6 26. Qg3+ Kf6 27. Qh4+ Kg6 28. Qg3+ Bg4 29. Rxg4+ Kf5 30. Nd2 Qd1+ 31. Nf1 Ke6 32. Rh4 Kd7 33. Rh6 f6 34. Rh7+ Ke6 35. Qh3+ Kd6 36. Qg3+ Kc5 37. Qe3+ d4 38. Qe7+ Kb5 39. Qb7+ Kc5 40. Rc7 Qa4 41. h3 Rfe8 42. Nd2 Qb5 43. Ne4+ Rxe4 44.
Qxa8 Re1+ 45. Kh2 a4 46. Qa7+ Qb6 47. Qxb6+ Kxb6 48. Rf7 a3 49. Rf8 a2 50. Rb8+ Kc7 51. Ra8 a1=Q 52. Rxa1 Rxa1 0-1

[Event "Early-Titled-Tuesday-Blitz-February-06-2024"]
[Site "Chess.com"]
[Date "2024.02.06"]
[Round "11"]
[White "Mikhail_Golubev"]
[Black "Blitzking642"]
[Result "1-0"]
[WhiteElo "2660"]
[BlackElo "2537"]
[TimeControl "180+1"]
[EndTime "10:07:08 PST"]
[Termination "Mikhail_Golubev won on time"]

1. e4 e5 2. Nf3 Nc6 3. Bc4 d6 4. h3 Be7 5. O-O Nf6 6. Re1 O-O 7. d4 exd4 8. Nxd4 Nxd4 9. Qxd4 Re8 10. Nc3 h6 11.
Bf4 Bf8 12. Rad1 Be6 13. Bb3 Bxb3 14. axb3 Nd7 15. Nd5 g6 16. Qd2 Bg7 17. Bxh6 Bxb2 18.
c3 Ba3 19. b4 a5 20. Bg5 f6 21.
Nxf6+ Nxf6 22. Qa2+ Kg7 23. Qxa3 Qd7 24. Bxf6+ Kxf6 25.
c4 axb4 26. Qxb4 Qc6 27. Rd5 Kf7 28. Qc3 Ra4 29. Rc1 Re6 30. h4 Rf6 31. h5 Ra2 32. hxg6+ Kxg6 33. Qg3+ Kf7 34. f3 Qb6+ 35. c5 Qb2 36.
Rcd1 Rg6 37. Qf4+ Rf6 38. Qg4 Qf2+ 39. Kh1 Rg6 40. Rf5+ Kg7 41. Rg5 Rxg5 42. Qxg5+ Kf8 43. cxd6 Qe2 44. Qf6+ Kg8 45. Qg6+ Kf8 46. Rc1 Qd2 47.
Qf6+ Kg8 48. Qd8+ Kg7 49. Rxc7+ 1-0

[Event "Early-Titled-Tuesday-Blitz-February-06-2024"]
[Site "Chess.com"]
[Date "2024.02.06"]
[Round "11"]
[White "SarochaChuemsakul"]
[Black "Kostukov_Alex"]
[Result "1-0"]
[WhiteElo "2424"]
[BlackElo "2292"]
[TimeControl "180+1"]
[EndTime "10:07:08 PST"]
[Termination "SarochaChuemsakul won on time"]

1. d4 g6 2. e4 Bg7 3. c4 d6 4. Nc3 e5 5. dxe5 dxe5 6. Qxd8+ Kxd8 7. Bg5+ f6 8. O-O-O+ Nd7 9. Be3 Bh6 10. Bxh6 Nxh6 11. Nd5 Rf8 12. Be2 c6 13. Ne3 Ke7 14. Nf3 Nc5 15.
Nd2 a5 16. Kc2 Be6 17. Nb3 Na6 18. a3 a4 19. Nc1 Nc5 20. f3 f5 21. Nd3 Nxd3 22. Bxd3 Rad8 23. exf5 gxf5 24. Rhe1 Kf6 25. h3 Rd4 26. g4 Rfd8 27. Kc3 f4 28. Nc2 R4d7 29. Be2 Nf7 30. Rxd7 Rxd7 31. h4 b5 32. Bd3 h6 33. cxb5 cxb5 34. Bxb5 Rc7+ 35. Kd2 Bb3 36. Nb4 Nd6 37. Bd3 Ke6 38. Rc1 Rd7 39. Ke2 e4 40.
Bxe4 Nxe4 41. fxe4 Ke5 42. Kf3 Rd2 43. Rc5+ Kd6 44.
Rc6+ Kd7 45. Rxh6 Rxb2 46. Kxf4 Rf2+ 47. Ke5 Rf1 48. g5 Bc4 49. Rh7+ 1-0

[Event "Early-Titled-Tuesday-Blitz-February-06-2024"]
[Site "Chess.com"]
[Date "2024.02.06"]
[Round "11"]
[White "DonkyDonkyDonkey"]
[Black "lachesisQ"]
[Result "0-1"]
[WhiteElo "2907"]
[BlackElo "3087"]
[TimeControl "180+1"]
[EndTime "10:07:09 PST"]
[Termination "lachesisQ won by resignation"]

1. e4 c5 2. Nf3 d6 3. Bb5+ Nd7 4. d4 a6 5. Bxd7+ Qxd7 6. O-O cxd4 7. Qxd4 Nf6 8. c4 e5 9. Qd3 b5 10. b3 bxc4 11. bxc4 Be7 12. Nc3 O-O 13. Bg5 Rb8 14. Rab1 Rxb1 15. Rxb1 h6 16. Bxf6 Bxf6 17. Rb6 Be7 18.
c5 Qa7 19. Nd5 dxc5 20. Nxe5 Bd8 21. Nc6 Qd7 22. Nxd8 Rxd8 23. Qc4 Bb7 24. Qxc5 Bxd5 25. exd5 Qxd5 26. Qxd5 Rxd5 27. g3 Ra5 28. Rb2 g5 29.
Kg2 Ra3 30. h3 Kg7 31. Rc2 h5 32. h4 g4 33. Rc5 Kh6 34. Rc6+ Kg7 35. Rc5 Kg6 36.
Rg5+ Kh6 37. Rf5 Rxa2 38. Rxf7 Ra5 39. Rf6+ Kg7 40. Rb6 Kf7 41. Kf1 Ke7 42. Ke2 Re5+ 43. Kf1 a5 44. Ra6 Kd7 45. Kg2 Rf5 46. Kf1 Kc7 47. Rg6 Re5 48. Kg2 Rf5 49. Kf1 Rd5 50. Kg2 Kb7 51. f3 Rd2+ 52. Kf1 gxf3 53. Rg5 a4 54. Rxh5 a3 55. Ra5 a2 56. g4 Kc6 57. h5 Rd1+ 58. Kf2 a1=Q 59. Rxa1 Rxa1 60.
Kxf3 Kd6 61. Kf4 Ke6 62. Kg5 Kf7 63. Kh6 Kg8 64. g5 Ra6+ 65. g6 Ra5 0-1

[Event "Early-Titled-Tuesday-Blitz-February-06-2024"]
[Site "Chess.com"]
[Date "2024.02.06"]
[Round "11"]
[White "bazar-wokzal"]
[Black "Witik"]
[Result "1-0"]
[WhiteElo "2635"]
[BlackElo "2750"]
[TimeControl "180+1"]
[EndTime "10:07:09 PST"]
[Termination "bazar-wokzal won by resignation"]

1. e4 e5 2. Bc4 Nf6 3. d3 Nc6 4. Nf3 Bc5 5. Bg5 h6 6. Bh4 d6 7.
Nc3 a6 8. Nd5 g5 9. Nxg5 Nxd5 10. Qh5 Qf6 11. Nf3 Qg7 12. exd5 Bg4 13. Bf6 Bxh5 14.
Bxg7 Rg8 15. dxc6 Rxg7 16. cxb7 Rb8 17. Bd5 Kd7 18. Nh4 c6 19. Be4 Rxb7 20. h3 Rxb2 21. Nf5 Rg8 22. O-O d5 23. Nxh6 Rh8 24. Bf5+ Kd6 25.
Ng4 Rxc2 26. d4 Bxg4 27. dxc5+ Rxc5 28. hxg4 e4 29. Rab1 Ke5 30. Rb7 f6 31. Re7+ Kd4 32. Rd1+ Kc3 33. Rf7 Rh6 34. Rc7 a5 35. Bd7 Kc2 36.
Rd4 Kc3 37. Rd1 d4 38. Rxc6 Rxc6 39. Bxc6 f5 40. Ba8 fxg4 41. Bxe4 Rb6 42. Rd3+ Kc4 43. Rg3 Rb2 44. a4 Ra2 45. Bd3+ Kc5 46. Bb5 Ra1+ 47.
Kh2 Ra2 48. Rxg4 Rxf2 49. Rg5+ Kb4 50. Rd5 Rd2 51. Kh3 Kc3 52. g4 Rd1 53. g5 Rg1 54. Kh4 Rg2 55. Kh5 1-0

[Event "Early-Titled-Tuesday-Blitz-February-06-2024"]
[Site "Chess.com"]
[Date "2024.02.06"]
[Round "11"]
[White "Kildepiotr"]
[Black "Ural_bogatyr"]
[Result "0-1"]
[WhiteElo "2686"]
[BlackElo "2585"]
[TimeControl "180+1"]
[EndTime "10:07:09 PST"]
[Termination "Ural_bogatyr won by checkmate"]

1. Nf3 d5 2. g3 Nf6 3. Bg2 e6 4. O-O Be7 5. d3 O-O 6. Nbd2 Nc6 7. e4 e5 8. c3 h6 9. Qc2 Bg4 10. b4 a6 11. Bb2 Bh5 12. Rfe1 Bg6 13. exd5 Nxd5 14.
Nxe5 Nxe5 15. Rxe5 Nb6 16. Be4 f5 17. Bxb7 Rb8 18.
Bxa6 f4 19. Ne4 Qd7 20. d4 Bd6 21. Ra5 Qg4 22. Bd3 fxg3 23. hxg3 Rf3 24. Re1 Rbf8 25.
Re5 Bxe5 26. dxe5 Nd5 27. Bc1 Nf4 28. Bxf4 R8xf4 29. Nf6+ Rxf6 30. exf6 Rxd3 31. f7+ Kxf7 32. Qb3+ Kf8 33. Qa4 Qd7 34. Qa8+ Qd8 35. Qc6 Bf7 36. Qc5+ Rd6 37. c4 Kg8 38. b5 Rd1 39. Qe5 Rxe1+ 40. Qxe1 Qd4 41. a4 Qxc4 42. Qd1 Kh7 43. Kh2 Bg6 44.
a5 Qxb5 45. Qd2 Qc5 46. Kg1 Be4 47. Qa2 Qh5 48. f3 Qxf3 49. Kh2 Qh1# 0-1

[Event "Early-Titled-Tuesday-Blitz-February-06-2024"]
[Site "Chess.com"]
[Date "2024.02.06"]
[Round "11"]
[White "ljm509"]
[Black "ValiantCeleb"]
[Result "1-0"]
[WhiteElo "2006"]
[BlackElo "2172"]
[TimeControl "180+1"]
[EndTime "10:07:11 PST"]
[Termination "ljm509 won on time"]

1. e4 e5 2. Nf3 Nc6 3. Bc4 Bc5 4. d3 Nf6 5. a4 O-O 6. O-O a5 7. h3 h6 8. Re1 Re8 9. Nc3 d6 10. Be3 Bxe3 11. fxe3 Be6 12. Nd5 Bxd5 13. Bxd5 Nxd5 14. exd5 Ne7 15. e4 Ng6 16. Rf1 Rf8 17.
Qe1 f5 18. Kh2 f4 19. d4 Qe7 20. dxe5 Nxe5 21. Nd4 g5 22. Nf5 Qh7 23. b3 b6 24.
Qe2 h5 25. Kg1 Rae8 26. Rae1 Ng6 27. Nd4 Rf6 28. Ne6 Rfxe6 29. dxe6 Rxe6 30. Qc4 Qe7 31. Qd5 Ne5 32. h4 Kg7 33. hxg5 Ng6 34. Qf5 Re5 35.
Qf6+ Qxf6 36. gxf6+ Kxf6 37. g3 Kg5 38. gxf4+ Nxf4 39. Kf2 Ne6 40. Rg1+ Kf6 41. c3 Ng5 42. Rgf1 Nxe4+ 43. Ke3+ Ke6 44. Kd4 Nc5 45. Rxe5+ dxe5+ 46. Kc4 c6 47. Rh1 e4 48. Rxh5 e3 49. Rh3 Kd6 50. Rxe3 Nd7 51.
Rd3+ Kc7 52. Rh3 Kd6 53. b4 Ne5+ 54. Kd4 c5+ 55. bxc5+ bxc5+ 56. Ke4 Nc4 57. Rh6+ Kc7 58. Ra6 Nd2+ 59. Kd5 Nb3 60. c4 Kb7 61. Rc6 1-0

[Event "Early-Titled-Tuesday-Blitz-February-06-2024"]
[Site "Chess.com"]
[Date "2024.02.06"]
[Round "11"]
[White "Hikaru"]
[Black "Sina_Movahed"]
[Result "1-0"]
[WhiteElo "3307"]
[BlackElo "3042"]
[TimeControl "180+1"]
[EndTime "10:07:13 PST"]
[Termination "Hikaru won by resignation"]

1. e4 c5 2. Nf3 d6 3. d4 cxd4 4. Qxd4 Nc6 5. Bb5 Bd7 6. Bxc6 Bxc6 7. Nc3 Nf6 8. Bg5 e6 9. O-O-O Be7 10. Qd3 h6 11.
Bf4 O-O 12. Qe2 Qc7 13. e5 dxe5 14. Nxe5 Qb6 15. Rd3 Rfd8 16. Rg3 Kf8 17. Re1 Be8 18. Rf3 Rac8 19. g4 Qa6 20. Qxa6 bxa6 21. h4 Kg8 22. g5 hxg5 23. hxg5 Nd5 24. Nxd5 Rxd5 25. Rh3 f6 26. gxf6 Bxf6 27. c3 a5 28. Ng4 Bd4 29. Rg3 Kf8 30. Be5 Bxe5 31. Nxe5 Rc7 32. f4 a4 33. Rh1 Kg8 34. Rgh3 Kf8 35. Rh8+ Ke7 36. Rg1 g6 37. Nxg6+ Bxg6 38. Rxg6 Rc4 39. Rh7+ Kd6 40. Rhh6 Re4 41. Rh2 Rxf4 42. Rg7 a5 43. Ra7 Re4 44. Ra6+ Ke5 45. Rh5+ Kf4 46. Rxd5 exd5 47.
Rxa5 Re1+ 48. Kd2 Ra1 49. Rxa4+ Ke5 50. Kc2 Rg1 51. Kb3 Rg2 52. Rh4 Rg8 53. a4 Kd6 54. Ka3 Kc5 55. b4+ Kd6 56. Rh6+ Ke5 57. b5 Ke4 58. b6 Kd3 59. Kb4 Rg4+ 60. Kb3 1-0

[Event "Early-Titled-Tuesday-Blitz-February-06-2024"]
[Site "Chess.com"]
[Date "2024.02.06"]
[Round "11"]
[White "adotand"]
[Black "Denis_Makhnyov"]
[Result "1/2-1/2"]
[WhiteElo "2911"]
[BlackElo "3022"]
[TimeControl "180+1"]
[EndTime "10:07:13 PST"]
[Termination "Game drawn by repetition"]

1. d4 d5 2. c4 e6 3. Nf3 c6 4. e3 Nf6 5. Nc3 Nbd7 6. Bd3 dxc4 7. Bxc4 b5 8. Bd3 b4 9. Ne4 Nxe4 10. Bxe4 Bb7 11. O-O Be7 12. a3 a5 13. Qc2 h6 14.
Bd2 O-O 15. Rfc1 Qb6 16. axb4 axb4 17. Qb3 Rxa1 18. Rxa1 Nf6 19. Bd3 c5 20. dxc5 Bxc5 21. Be2 Bd5 22. Qd1 Rd8 23. Qc1 Ne4 24. Be1 Be7 25.
Ne5 Nc5 26. Bc4 Bf6 27. Bxd5 exd5 28. Bxb4 Nb3 29. Qe1 Nxa1 30. Ba5 Qxb2 31. Nd3 Nc2 32. Qd1 Qb3 33. Bxd8 Bxd8 34. Ne1 Nd4 35. Qxd4 Ba5 36. Qd3 Qc4 37. Qd1 Bxe1 38. Qxe1 d4 39. exd4 Qxd4 40. g3 Qd5 41. Qe2 g6 42. Qe3 h5 43. h4 Kg7 44. Qf4 Kg8 45. Qe3 Kg7 46. Qf4 Kg8 47. Qh6 Qd1+ 48. Kg2 Qe2 49. Qf4 Kg7 50. Qd4+ Kg8 51.
Qf4 Kg7 52. Qd4+ Kg8 53. Qf4 1/2-1/2

[Event "Early-Titled-Tuesday-Blitz-February-06-2024"]
[Site "Chess.com"]
[Date "2024.02.06"]
[Round "11"]
[White "blitzking1729"]
[Black "Elsa167"]
[Result "0-1"]
[WhiteElo "2755"]
[BlackElo "2884"]
[TimeControl "180+1"]
[EndTime "10:07:13 PST"]
[Termination "Elsa167 won on time"]

1. d4 e6 2. Nf3 Nf6 3. Bg5 c5 4. e3 cxd4 5. exd4 Be7 6. Nbd2 b6 7. c3 Bb7 8. a4 a6 9. Bd3 d6 10. O-O Nbd7 11. Re1 O-O 12. Bh4 Re8 13. Nc4 Qc7 14. Bg3 Bf8 15. Nfd2 g6 16. f3 Nh5 17. Bf2 e5 18.
Bf1 Nf4 19. Qb3 Bd5 20. Qc2 Bg7 21. dxe5 dxe5 22. Ne3 Bb7 23. Ndc4 e4 24. fxe4 Bxe4 25. Qd1 Rad8 26. Nd6 Be5 27. Nxe4 Nc5 28. Qf3 Nxe4 29.
Ng4 Ng5 30. Qe3 Nfh3+ 31. gxh3 Bxh2+ 32. Nxh2 Rxe3 33. Rxe3 f5 34. Rae1 Ne4 35. R3e2 Nxf2 36. Rxf2 Qg3+ 37. Bg2 Rd2 38. Rxd2 Qxe1+ 39. Nf1 h5 40. Rd6 Kh7 41. Rxb6 g5 42. Rxa6 g4 43. hxg4 hxg4 44. Rf6 Qe5 45. Rc6 f4 46. Rc4 Kh6 47.
a5 Kg5 48. a6 f3 49. Bxf3 gxf3 50. a7 Qe2 0-1